 Dungeon Crawl Stone Soup version 0.25-a0-517-gf8b3a32422 (webtiles) character file.

Game seed: 14814935408143347526, levelgen mode: deterministic

1683 drasked the Summoner (level 8, -2/41 HPs)
             Began as a Deep Elf Wizard on Feb 17, 2020.
             Was a Follower of Vehumet.
             Slain by a water moccasin zombie (4 damage)
             ... on level 7 of the Dungeon.
             The game lasted 00:50:53 (10526 turns).

drasked the Summoner (Deep Elf Wizard)             Turns: 10526, Time: 00:50:54

Health: -2/41      AC:  6    Str:  4    XL:     8   Next: 71%
Magic:  20/20      EV: 12    Int: 26    God:    Vehumet [*.....]
Gold:   373        SH:  0    Dex: 13    Spells: 13/21 levels left

rFire    + . .     SeeInvis .   j - +3 spear (vorpal)
rCold    . . .     Gourm    .   (no shield)
rNeg     . . .     Faith    .   r - +2 robe {rF+} {rF+}
rPois    .         Spirit   .   b - +0 hat
rElec    .         Reflect  .   J - +1 cloak
rCorr    .         Harm     .   (no gloves)
MR       .....                  (no boots)
Stlth    ++........             (no amulet)
HPRegen  0.13/turn              W - ring of wizardry {Wiz+, !dWiz+}
MPRegen  0.17/turn              D - +2 ring of slaying

@: lightly drained
A: no striking features
a: Renounce Religion


You were on level 7 of the Dungeon.
You worshipped Vehumet.
Vehumet was aware of your devotion.
You were not hungry.

You visited 2 branches of the dungeon, and saw 8 of its levels.

You collected 373 gold pieces.

Inventory:

Hand Weapons
 j - a +3 vorpal spear (weapon)
   (You found it on level 1 of the Dungeon)
Armour
 b - a +0 hat (worn)
 r - a +2 robe of fire resistance (worn) {rF+}
   (You took it off Sigmund on level 2 of the Dungeon)
 J - a +1 cloak (worn)
   (You took it off Crazy Yiuf on level 6 of the Dungeon)
Jewellery
 D - a +2 ring of slaying (right hand)
   (You found it on level 5 of the Dungeon)
 R - an uncursed amulet of regeneration {+regen, !d}
   (You found it on level 6 of the Dungeon)
 W - a ring of wizardry (left hand) {Wiz+, !dWiz+}
   (You found it on level 1 of the Dungeon)
Wands
 c - a wand of paralysis (10)
   (You found it on level 4 of the Dungeon)
 o - a wand of acid (18)
   (You found it on level 2 of the Dungeon)
 v - a wand of enslavement (6)
   (You found it on level 4 of the Dungeon)
Scrolls
 i - a scroll of identify
 t - 5 scrolls of teleportation
 w - 4 scrolls of remove curse
 x - a scroll of immolation {!r!r}
 I - a scroll of magic mapping {!r!r}
Potions
 a - a potion of brilliance {unknown}
 h - a potion of might {unknown}
 l - a potion of heal wounds
 m - a potion of mutation {unknown}
 s - 2 potions of agility
 z - 2 potions of flight
 B - a potion of magic
 C - a potion of degeneration {unknown}
 E - a potion of ambrosia
 G - a potion of cancellation {unknown}
Comestibles
 d - 7 chunks of flesh {@w0}
 e - 5 rations


   Skills:
 + Level 0.0 Fighting
 + Level 2.4(1.9) Dodging
 - Level 2.4(1.9) Stealth
 - Level 7.0(6.4) Spellcasting
 - Level 7.5(6.9) Conjurations
 + Level 8.5(7.9) Summonings
 - Level 1.1(0.6) Translocations


You had 13 spell levels left.
You knew the following spells:

 Your Spells              Type           Power        Failure   Level  Hunger
a - Magic Dart            Conj           ####         1%          1    None
b - Blink                 Tloc           N/A          3%          2    None
c - Call Imp              Summ           #####...     1%          2    None
x - Mephitic Cloud        Conj/Pois/Air  ###.....     3%          3    None

Your spell library contained the following spells:

 Spells                   Type           Power        Failure   Level  Hunger
 Shock                    Conj/Air       ####         1%          1    None
 Conjure Flame            Conj/Fire      ####....     1%          3    None
 Slow                     Hex            #.......     4%          2    None


Dungeon Overview and Level Annotations

Branches:
Dungeon (7/15)             Temple (1/1) D:5

Altars:
Ashenzari
Dithmenos
Elyvilon
Fedhas
Gozag
Hepliaklqana
Kikubaaqudgha
Makhleb
Nemelex Xobeh
Okawaru
Qazlal
Trog
Uskayaw
Vehumet
Wu Jian
Xom
Yredelemnul
The Shining One

Annotations:
D:7 Dowan, Duvessa, Menkaure


Message History

You climb downwards.
Level annotation: Dowan, Duvessa, Menkaure The water moccasin zombie barely misses you.
The worker ant bites you but does no damage.
The crimson imp blinks!
The worker ant closely misses you.
There is a stone staircase leading up, spattered with blood here.
You see here a stone.
Dowan casts a spell.
Dowan blinks!
The kobold hits you but does no damage. The worker ant barely misses you.
The orc hits you but does no damage.
The crimson imp sputters.
You climb upwards.
There is a stone staircase leading down, spattered with blood here.
Things that are here:
a +0 giant club; an ogre skeleton The worker ant barely misses you.
The orc hits you but does no damage. The worker ant closely misses you.
The orc barely misses you.
A beastly little devil appears in a puff of flame.
The kobold closely misses you. The orc completely misses you.
The kobold closely misses you.
You swap places.
The orc hits your crimson imp with a cursed +0 club.
The kobold closely misses your crimson imp.
The orc hits your crimson imp with a cursed +0 club.
The kobold hits your crimson imp but does no damage.
Your crimson imp blinks!
Aim: an orc, wielding a +0 club and wearing a +0 leather armour (translocational energy, heavily wounded)
The ball explodes into a vile cloud!
The stinking cloud engulfs the orc but does no damage.
The stinking cloud engulfs the kobold but does no damage.
The kobold is engulfed in noxious fumes.
The kobold appears confused.
The kobold hits the worker ant.
Unknown command.
Attack whom?
Aim: an orc, wielding a +0 club and wearing a +0 leather armour (heavily wounded)
You reach to attack!
You puncture the orc!
You kill the orc!
The worker ant is engulfed in noxious fumes.
The worker ant appears confused.
The worker ant bites the kobold but does no damage.
The kobold is engulfed in noxious fumes.
The kobold appears confused.
The worker ant is engulfed in noxious fumes.
The worker ant appears confused.
Attack whom?
Aim: a kobold (heavily wounded, confused)
You reach to attack!
You puncture the kobold!
You kill the kobold!
You start resting.
The worker ant is too close now for your liking.
Attack whom?
Aim: a worker ant (lightly wounded, confused)
You reach to attack!
You hit the worker ant.
Attack whom?
Aim: a worker ant (heavily wounded, confused)
You reach to attack!
You barely miss the worker ant.
The worker ant seems less confused.
Your crimson imp blinks!
The worker ant barely misses you.
You puncture the worker ant!
You kill the worker ant!
You swap places.
z - 2 potions of flight (gained 1)
Things that are here:
a cursed +0 club; a +0 leather armour; a kobold corpse Done exploring.
Done exploring.
Done exploring.
Done exploring.
Done exploring.
Done exploring.
There is a stone staircase leading down, spattered with blood here.
Things that are here:
a +0 giant club; an ogre skeleton Unknown command.
You climb downwards.
Your summoned ally is left behind.
Level annotation: Dowan, Duvessa, Menkaure The water moccasin zombie completely misses you.
The bullfrog barely misses you.
The ogre hits you with a +0 giant spiked club!
The water moccasin zombie barely misses you.
The bullfrog closely misses you.
A kobold comes into view.
The ogre hits you with a +0 giant spiked club!!
Ouch! That really hurt!
* * * LOW HITPOINT WARNING * * *
The kobold shouts!
There is a stone staircase leading up, spattered with blood here.
You see here a stone.
Okay, then.
As you read the scroll of fear, it crumbles to dust.
You assume a fearsome visage.
The crimson imp is unaffected.
Dowan looks frightened!
The water moccasin zombie is unaffected.
The gnoll looks frightened! x2; The ogre looks frightened!
The kobold looks frightened!
The bullfrog looks frightened!
The water moccasin zombie bites you.
You die...

g....#........
.......##....
............
#..........K
........... .
#..g.......
...##F..g......
#.....O.(....
#...Z@5.....#
......e###.....
......# ##.
..#### .


You could see an ogre (fleeing), Dowan (fleeing), a bullfrog (fleeing), 2
gnolls, a crimson imp, a water moccasin zombie and a kobold (fleeing).

Levels and vault maps discovered:
D:1:      nzn_arrival_water_spiral, layout_loops_ring, lexackson_kobold_supper
D:2:      layout_loops_cross, uniq_sigmund
D:3:      layout_basic, minmay_gold_behind_fungi, uniq_jessica
D:4:      layout_basic, nicolae_overflow_hidden_temple, first_ration,
          kennysheep_generic_room_9
D:5:      layout_layer_cave, minmay_temple_entry_grid
D:6:      layout_basic, old_standard_altar, uniq_grinder,
          uniq_crazy_yiuf_cottage
D:7:      layout_cave_pools, minmay_bent, uniq_harold, uniq_duvessa,
          uniq_menkaure
Temple:   eino_temple_lava

Notes
Turn   | Place    | Note
-------+----------+-------------------------------------------
     0 | D:1      | drasked the Deep Elf Wizard began the quest for the Orb.
     0 | D:1      | Reached XP level 1. HP: 10/10 MP: 7/7
   220 | D:1      | Reached skill level 5 in Spellcasting
   264 | D:1      | Identified a +2 vorpal spear (You found it on level 1 of
                  | the Dungeon)
   333 | D:1      | Reached XP level 2. HP: 15/15 MP: 7/10
   440 | D:1      | Identified a cursed -3 dagger
   553 | D:1      | Reached skill level 2 in Conjurations
   643 | D:1      | Identified a cursed -1 dagger
   669 | D:1      | Identified a +0 dagger
   672 | D:1      | Identified a +0 dagger
   908 | D:1      | Identified a cursed -2 dagger
   927 | D:1      | Reached XP level 3. HP: 19/19 MP: 7/11
   930 | D:1      | Identified a +0 dagger
   931 | D:1      | Identified a +0 dagger
  1018 | D:1      | Identified a +0 short sword
  1176 | D:1      | Reached skill level 3 in Conjurations
  1181 | D:1      | Learned a level 3 spell: Mephitic Cloud
  1414 | D:2      | Identified a +0 dagger
  1693 | D:2      | Identified a +0 scythe
  1693 | D:2      | Identified a +2 robe of fire resistance
  1693 | D:2      | Noticed Sigmund
  2038 | D:2      | Identified a cursed -1 club
  2123 | D:2      | Reached skill level 4 in Conjurations
  2123 | D:2      | Reached XP level 4. HP: 24/24 MP: 8/13
  2127 | D:2      | Learned a level 2 spell: Call Imp
  2479 | D:2      | Killed Sigmund
  2479 | D:2      | Reached skill level 5 in Conjurations
  2479 | D:2      | Reached skill level 3 in Summonings
  2479 | D:2      | Reached XP level 5. HP: 24/28 MP: 1/14
  2802 | D:3      | Identified a +0 club
  3234 | D:3      | Identified a +0 trident
  3234 | D:3      | Identified a +0 trident
  3234 | D:3      | Identified a +0 ring mail
  3241 | D:3      | Identified a +3 dagger
  3241 | D:3      | Identified a +0 leather armour
  3258 | D:3      | Reached XP level 6. HP: 32/32 MP: 7/15
  3353 | D:3      | Identified a +2 vampiric dagger
  3441 | D:3      | Identified a +0 robe
  3441 | D:3      | Noticed Jessica
  3446 | D:3      | Killed Jessica
  3667 | D:4      | Identified a +0 mace
  3677 | D:4      | Identified a cursed -3 short sword
  3864 | D:4      | Reached skill level 4 in Summonings
  4026 | D:4      | Identified a +1 short sword of protection
  4379 | D:4      | Identified a +0 spear
  4384 | D:4      | Identified a +2 whip of freezing
  4385 | D:4      | Identified a +0 whip
  4385 | D:4      | Identified a +0 leather armour
  4385 | D:4      | Identified a +0 halberd
  4385 | D:4      | Identified a +0 spear
  4398 | D:4      | Identified a +0 spear
  4421 | D:4      | Reached skill level 6 in Conjurations
  4601 | D:4      | Found an iron altar of Okawaru.
  4958 | D:5      | Entered Level 5 of the Dungeon
  4974 | D:5      | Identified a +0 giant club
  5056 | D:5      | Reached XP level 7. HP: 36/36 MP: 14/16
  5267 | D:5      | Reached skill level 5 in Summonings
  5268 | D:5      | Found a staircase to the Ecumenical Temple.
  5283 | Temple   | Entered the Ecumenical Temple
  5336 | Temple   | Became a worshipper of Vehumet
  5534 | D:4      | Found a white marble altar of Elyvilon.
  5534 | D:4      | Found a shadowy altar of Dithmenos.
  6162 | D:6      | Identified a +0 long sword
  6162 | D:6      | Identified a +0 robe
  6242 | D:6      | Identified a +0 trident
  6242 | D:6      | Identified a +0 robe
  6250 | D:6      | Identified a +4 battleaxe
  6250 | D:6      | Identified a +0 robe
  6433 | D:6      | Reached skill level 7 in Conjurations
  6453 | D:6      | Noticed Grinder
  6490 | D:6      | Identified a +0 hand axe
  6705 | D:6      | Identified a +0 dagger
  6705 | D:6      | Identified a +0 robe
  6709 | D:6      | Identified a +0 dagger
  6709 | D:6      | Identified a +0 robe
  6710 | D:6      | Identified a +0 falchion
  6710 | D:6      | Identified a +0 leather armour
  6904 | D:6      | Reached skill level 6 in Spellcasting
  6904 | D:6      | Reached skill level 6 in Summonings
  6904 | D:6      | Reached XP level 8. HP: 25/41 MP: 5/19
  6907 | D:6      | Identified a +0 hand axe
  6907 | D:6      | Identified a +0 scale mail
  7159 | D:6      | Identified a +0 falchion
  7159 | D:6      | Identified a +0 leather armour
  7161 | D:6      | Identified a +0 hand axe
  7161 | D:6      | Identified a +0 ring mail
  7201 | D:6      | Killed Grinder
  7621 | D:6      | Found a shattered altar of Ashenzari.
  7677 | D:7      | Identified a +0 flail
  7677 | D:7      | Identified a +0 whip
  7677 | D:7      | Identified a +0 halberd
  7677 | D:7      | Identified a +0 short sword
  7677 | D:7      | Identified a +0 shortbow
  7703 | D:6      | Reached * piety under Vehumet
  7703 | D:6      | Offered knowledge of Shock by Vehumet.
  7846 | D:6      | Found a runed translucent door.
  7847 | D:6      | Identified a +2 quarterstaff of chaos
  7847 | D:6      | Identified a +0 cloak
  7847 | D:6      | Noticed Crazy Yiuf
  7883 | D:6      | Killed Crazy Yiuf
  7989 | D:6      | Reached skill level 7 in Spellcasting
  8141 | D:6      | Identified a +0 shortbow
  8153 | D:6      | Reached skill level 7 in Summonings
  8346 | D:6      | Got a twisted mace
  8348 | D:6      | Identified the +7 mace of Usim Zae {vorpal, Str+5 Int-2
                  | Stlth+} (You found it on level 6 of the Dungeon)
  8357 | D:6      | Identified 7 scrolls of identify
  8357 | D:6      | Identified 2 potions of agility
  8358 | D:6      | Identified a potion of ambrosia
  8359 | D:6      | Identified a ring of wizardry (You found it on level 1 of
                  | the Dungeon)
  8360 | D:6      | Identified a ring of slaying (You found it on level 5 of
                  | the Dungeon)
  8361 | D:6      | Identified an amulet of rage (You found it on level 1 of
                  | the Dungeon)
  8362 | D:6      | Identified an amulet of regeneration (You found it on level
                  | 6 of the Dungeon)
  8366 | D:6      | Identified 2 scrolls of fear
  8367 | D:6      | Identified a scroll of enchant armour
  8368 | D:6      | Identified a scroll of enchant weapon
  8369 | D:6      | Identified a scroll of amnesia
  8370 | D:6      | Identified 2 scrolls of magic mapping
  8371 | D:6      | Identified 5 scrolls of remove curse
  8372 | D:6      | Identified 2 scrolls of immolation
  8373 | D:6      | Identified a scroll of random uselessness
  8374 | D:6      | Identified 6 scrolls of teleportation
  8377 | D:6      | Identified a potion of flight
  8378 | D:6      | Identified a potion of magic
  8410 | D:7      | Identified a +0 flail
  8410 | D:7      | Identified a +0 leather armour
  8430 | D:6      | HP: 10/41 [poisoned by kobold (curare-tipped dart)]
  8438 | D:6      | HP: 9/41 [poisoned by kobold (curare-tipped dart)]
  8738 | D:7      | Identified a +0 leather armour
  8738 | D:7      | Identified a +3 flail
  8738 | D:7      | Identified a +0 scale mail
  8738 | D:7      | Identified a cursed +0 dagger
  8738 | D:7      | Identified a +0 robe
  8738 | D:7      | Identified a +0 hand axe
  8738 | D:7      | Identified a +0 ring mail
  8738 | D:7      | Identified a cursed -3 hand axe
  8738 | D:7      | Identified a +0 ring mail
  8738 | D:7      | Identified a +0 mace
  8738 | D:7      | Identified a +0 leather armour
  8857 | D:7      | Identified a +0 giant spiked club
  8857 | D:7      | Identified a +0 club
  8857 | D:7      | Identified a +0 shortbow
  8858 | D:7      | Identified a +0 dagger
  8858 | D:7      | Identified a +0 robe
  8858 | D:7      | Noticed Dowan
  9104 | D:7      | Identified a +1 short sword of draining
  9104 | D:7      | Identified a +0 leather armour
  9104 | D:7      | Noticed Duvessa
  9109 | D:7      | Identified a +0 giant club
  9112 | D:7      | Identified a cursed +0 club
  9112 | D:7      | Identified a +0 leather armour
  9115 | D:7      | Identified a +0 giant spiked club
  9280 | D:7      | Identified a +0 club
  9281 | D:7      | Identified a +0 trident
  9404 | D:7      | Identified a +0 dagger
  9404 | D:7      | Identified a +0 robe
  9426 | D:6      | Reached skill level 8 in Summonings
  9501 | D:7      | Noticed Menkaure
  9501 | D:7      | Identified a +0 whip
  9520 | D:6      | HP: 8/41 [ice beast (14)]
  9961 | D:6      | Learned a level 2 spell: Blink
 10525 | D:7      | HP: 2/41 [ogre/+0 giant spiked club (28)]
 10526 | D:7      | Slain by a water moccasin zombie

Table legend:
 A = Turns spent in this place as a percentage of turns spent in the entire game.
 B = Non-inter-level travel turns spent in this place as a percentage of non-inter-level travel turns spent in the entire game.
 C = Inter-level travel turns spent in this place as a percentage of turns spent in this place.
 D = Turns resting spent in this place as a percentage of non-inter-level travel turns spent in this place.
 E = Turns spent auto-exploring this place as a percentage of non-inter-level travel turns spent in this place.
 F = Non-inter-level travel turns spent in this place divided by the number of levels of this place that you've seen.
                   A       B       C       D       E      F
               +-------+-------+-------+-------+-------+----------------------
         Total | 100.0 | 100.0 |   7.8 |  38.4 |  36.2 | 1212.6
       Dungeon |  99.4 |  99.4 |   7.9 |  38.7 |  36.4 | 1377.1
        Temple |   0.6 |   0.6 |   4.7 |   0.0 |   0.0 |  61.0
               +-------+-------+-------+-------+-------+----------------------

Table legend:
 A = Kills in this place as a percentage of kills in entire the game.
 B = Kills by you in this place as a percentage of kills by you in the entire game.
 C = Kills by friends in this place as a percentage of kills by friends in the entire game.
 D = Other kills in this place as a percentage of other kills in the entire game.
 E = Experience gained in this place as a percentage of experience gained in the entire game.
 F = Experience gained in this place divided by the number of levels of this place that you have seen.
                   A       B       C       D       E      F
               +-------+-------+-------+-------+-------+----------------------
         Total | 100.0 | 100.0 | 100.0 | 100.0 | 100.0 | 300.6
       Dungeon | 100.0 | 100.0 | 100.0 | 100.0 | 100.0 | 343.6
               +-------+-------+-------+-------+-------+----------------------

Skill      XL: |  1  2  3  4  5  6  7  8 |
---------------+-------------------------+-----
Spellcasting   | 5 6 7 |  7.0
Conjurations   | 2 4 5 6 7 |  7.5
Summonings     | 3 4 6 8 |  8.5
Dodging        | |  2.4
Stealth        | |  2.4
Translocations | |  1.1

Action                   |  1- 3 |  4- 6 |  7- 9 || total
-------------------------+-------+-------+-------++-------
Melee: Spear             |       |     3 |    20 ||    23
 Cast: Magic Dart        |   105 |   104 |   132 ||   341
       Mephitic Cloud    |     2 |     7 |    16 ||    25
       Call Imp          |       |    11 |    87 ||    98
  Use: Scroll            |       |       |    16 ||    16
       Potion            |       |       |     1 ||     1
 Stab: Confused          |       |     1 |       ||     1
       Distracted        |       |       |     1 ||     1
  Eat: Chunk             |     4 |     8 |    10 ||    22
       Ration            |       |       |     2 ||     2
Armor: Robe              |     3 |     2 |    48 ||    53
Dodge: Dodged            |    10 |    10 |   122 ||   142

Vanquished Creatures
  Sigmund (D:2)
  A water moccasin (D:6)
  A phantom (D:6)
  An ogre (D:6)
  A centaur (D:6)
  A bullfrog (D:6)
  2 scorpions
  2 wights (D:6)
  A centaur zombie (D:6)
  A quasit (D:6)
  4 hounds
  A gnoll shaman (D:4)
  An orc priest (D:6)
  2 orc wizards (D:6)
  Jessica (D:3)
  2 iguanas (D:6)
  4 worker ants
  2 hound skeletons
  5 adders
  4 gnolls (D:4)
  A shadow imp (D:5)
  A worm (D:3)
  3 dart slugs
  5 leopard geckos
  13 orcs
  2 giant cockroaches
  5 hobgoblins
  18 kobolds
  5 quokkas
  A ball python (D:3)
  7 bats
  8 frilled lizards
  8 goblins
  A quokka zombie (D:4)
  12 rats
128 creatures vanquished.

Vanquished Creatures (collateral kills)
  Grinder (D:6)
  An ogre (D:5)
  A centaur (D:6)
  A big kobold (D:6)
  A wight (D:6)
  A bullfrog zombie (D:5)
  2 crimson imps (D:5)
  A bullfrog skeleton (D:6)
  Crazy Yiuf (D:6)
  An orc wizard (D:6)
  2 worker ants (D:5)
  2 gnolls
  3 adders
  4 orcs (D:6)
  A jackal (D:6)
  A quokka (D:6)
  A frilled lizard (D:5)
  A quokka skeleton (D:6)
  A quokka zombie (D:6)
27 creatures vanquished.

Vanquished Creatures (others)
  2 plants (D:1)
  5 toadstools (D:3)
7 creatures vanquished.

Grand Total: 162 creatures vanquished
